 Seeded DCSS version 0.28-a0-1087-gf3fc490d9d (webtiles) character file.

Game seed: 16008875487339432128 (custom seed)

135 croobank the Conjurer (level 4, -2/33 HPs)
             Began as a Demigod Conjurer on Dec 10, 2021.
             Slain by a mummy (11 damage)
             ... in an ossuary.
             The game lasted 00:27:10 (3742 turns).

croobank the Conjurer (Demigod Conjurer)            Turns: 3742, Time: 00:27:11

Health: -2/33      AC:  6    Str: 12    XL:     4   Next: 66%
Magic:  10/10      EV: 11    Int: 26    God:
Gold:   78         SH:  5    Dex: 12    Spells: 3/7 levels left

rFire   . . .      SeeInvis +   a - staff of conjuration
rCold   . . .      Faith    .   (no shield)
rNeg    . . .      Spirit   .   i - +0 leather armour
rPois   .          Reflect  +   (no helmet)
rElec   .          Harm     .   h - +1 cloak {rCorr}
rCorr   +          Rampage  .   (no gloves)
Will    .....                   e - +0 pair of boots
Stlth   ++........              f - amulet of reflection
HPRegen 0.11/turn               j - ring of see invisible
MPRegen 0.12/turn               d - +6 ring of intelligence

@: no status effects
A: high mp 1, forlorn, divine attributes
a: no special abilities


You were in an ossuary.
You visited 1 branch of the dungeon, and saw 4 of its levels.
You also visited: Ossuary.

You collected 78 gold pieces.

Inventory:

Hand Weapons
 b - a +0 vorpal hunting sling
 n - a +1 dagger
Missiles
 g - 105 stones (quivered)
 l - 23 sling bullets
 m - 7 arrows
 p - 2 throwing nets
Armour
 e - a +0 pair of boots (worn)
 h - a +1 cloak of preservation (worn)
 i - a +0 leather armour (worn)
Magical Staves
 a - a staff of conjuration (weapon)
Jewellery
 d - a +6 ring of intelligence (right hand)
 f - an amulet of reflection (around neck)
 j - a ring of see invisible (left hand)
Scrolls
 c - a scroll of amnesia
 k - 2 scrolls of blinking
 o - 3 scrolls of identify
 q - a scroll of fear
Potions
 r - a potion of flight {unknown}


   Skills:
 + Level 0.2 Fighting
 * Level 1.2 Staves
 + Level 1.0 Armour
 + Level 2.0 Dodging
 + Level 2.0 Stealth
 + Level 2.3 Spellcasting
 + Level 4.6 Conjurations
 + Level 0.2 Earth Magic


You had 3 spell levels left.
You knew the following spells:

 Your Spells              Type           Power      Damage    Failure   Level
a - Magic Dart            Conj           100%       1d8       1%          1
b - Searing Ray           Conj           82%        2d7       2%          2
c - Sandblast             Erth           8%         2d5       12%         1

Your spell library contained the following spells:

 Spells                   Type           Power      Damage    Failure   Level
 Dazzling Flash           Conj/Hex       44%        N/A       14%         3
 Stone Arrow              Conj/Erth      46%        3d9       14%         3
 Passwall                 Tmut/Erth      2%         N/A       19%         2
 Fulminant Prism          Conj/Hex       11%        3d9       43%         4
 Iskenderun's Mystic Bla  Conj/Tloc      22%        2d6       43%         4


Dungeon Overview and Level Annotations

Branches:
Dungeon (4/15)            Ossuary (1/1)
 Temple: D:4-7

Annotations:
D:3 2 transporters, sirJeffrey23's ghost, amateur HOMo


Innate Abilities, Weirdness & Mutations

You have an increased reservoir of magic. (+10% MP)
You shall have no god before yourself.
Your divine heritage dramatically boosts your attributes as you level up.


Message History

4 zombies come into view.
The orc zombie closely misses you. The orc zombie completely misses you.
You block the goblin zombie's attack. The orc zombie hits you.
You hit the goblin zombie.
You blast the goblin zombie.
The goblin zombie is severely damaged.
You block the orc zombie's attack. The goblin zombie barely misses you.
You hit the goblin zombie but do no damage.
The goblin zombie is severely damaged.
The orc zombie hits you but does no damage.
The goblin zombie barely misses you.
You hit the goblin zombie but do no damage.
The goblin zombie is severely damaged.
The gnoll zombie hits you.
The orc zombie hits you but does no damage.
The goblin zombie hits you.
You hit the goblin zombie.
The goblin zombie is severely damaged.
The gnoll zombie barely misses you.
The orc zombie hits you but does no damage.
The goblin zombie hits you.
You hit the goblin zombie.
You destroy the goblin zombie!
The gnoll zombie closely misses you. The orc zombie closely misses you.
You block the elf zombie's attack.
The goblin zombie closely misses you. x2
The gnoll zombie hits you.
You hit the goblin zombie.
The goblin zombie is moderately damaged.
The orc zombie barely misses you. The elf zombie hits you.
The goblin zombie hits you but does no damage.
The mummy hits you!
The orc zombie hits you but does no damage.
The goblin zombie closely misses you.
Sorry, you're not good enough to have a special ability.
Okay, then.
You barely miss the mummy. The gnoll zombie hits you.
* * * LOW HITPOINT WARNING * * *
The orc zombie barely misses you. The elf zombie completely misses you.
You block the goblin zombie's attack. The mummy hits you!
You die...

# #######
#.#.#.#.#
........# #####
........# ##...##
......ZZ###.....##
......Z@Z........#
......ZZM...∩.∩..#
.................#
........###.....##
........# ##...##
........# #####
#.#.#.#.#
#########


You could see a mummy, 2 goblin zombies, a gnoll zombie, 2 orc zombies and an
elf zombie.

Vanquished Creatures
  Jessica (D:3)
  3 adders
  2 worms (D:3)
  4 dart slugs
  3 orcs (D:3)
  3 endoplasms
  A giant cockroach (D:4)
  5 goblins
  6 hobgoblins
  4 jackals (D:2)
  2 quokkas
  8 ball pythons
  6 bats
  4 frilled lizards
  A goblin zombie (Ossuary)
  6 kobolds
  9 rats
68 creatures vanquished.

Notes
Turn   | Place    | Note
-------+----------+-------------------------------------------
     0 | D:1      | croobank the Demigod Conjurer began the quest for the Orb.
     0 | D:1      | Reached XP level 1. HP: 14/14 MP: 5/5
   272 | D:1      | Noticed a shining eye
   279 | D:1      | Noticed an eye of devastation
   290 | D:1      | Reached skill level 4 in Conjurations
   290 | D:1      | Reached XP level 2. HP: 10/20 MP: 1/7
   301 | D:1      | Noticed a golden eye
   301 | D:1      | Noticed an eye of devastation
   733 | D:1      | Learned a level 2 spell: Searing Ray
   735 | D:1      | Learned a level 1 spell: Sandblast
  1165 | D:2      | Reached XP level 3. HP: 26/26 MP: 4/8
  2244 | D:3      | Reached XP level 4. HP: 33/33 MP: 5/9
  2650 | D:3      | Reached skill level 1 in Staves
  2962 | D:3      | Noticed Jessica
  3000 | D:3      | Killed Jessica
  3001 | D:3      | Reached skill level 1 in Armour
  3320 | D:3      | Noticed sirJeffrey23's ghost (amateur HOMo)
  3321 | D:3      | Found a transporter.
  3356 | D:3      | Found a transporter.
  3716 | D:4      | Found a sand-covered staircase.
  3726 | Ossuary  | Entered an ossuary
  3742 | Ossuary  | Slain by a mummy

Illustrated notes

Levels and vault maps discovered:
D:1:      heliophobic_arrival_henge, layout_basic,
          hellmonk_ecumenical_altar_watching_god
D:2:      layout_basic
D:3:      minmay_inner_zag, layout_basic, nzn_wu_jian_council_hall,
          gammafunk_ghost_stat_death, kennysheep_jessica_study, uniq_jessica
D:4:      layout_loops_corners, hellmonk_ghost_happy_afterlife,
          lightli_ossuary_entry_decrepit_ruins, uniq_edmund
Ossuary:  minmay_ossuary_gauntlet

Skill      XL: |  1  2  3  4 |
---------------+-------------+-----
Conjurations   | 4 |  4.6
Spellcasting   | 2 |  2.3
Dodging        | 2 |  2.0
Staves         | 1 |  1.2
Armour         | 1 |  1.0
Stealth        | 2 |  2.0
Fighting       | |  0.2
Earth Magic    | |  0.2

Action                   |  1- 3 |  4- 6 || total
-------------------------+-------+-------++-------
Melee: Unarmed           |     6 |       ||     6
       Dagger            |     5 |       ||     5
       Staff             |    27 |    49 ||    76
 Cast: Magic Dart        |    71 |    18 ||    89
       Sandblast         |     1 |     9 ||    10
       Searing Ray       |     2 |       ||     2
  Use: Scroll            |     4 |     4 ||     8
       Potion            |     3 |     1 ||     4
Armor: Robe              |     2 |       ||     2
       Leather armour    |    17 |     9 ||    26
Dodge: Dodged            |    22 |    33 ||    55
Block: Other             |     8 |    20 ||    28

Table legend: (Time is in decaauts)
 A = Elapsed time spent in this place.
 B = Non-inter-level travel time spent in this place.
 C = Inter-level travel time spent in this place.
 D = Time resting spent in this place.
 E = Time spent auto-exploring this place.
 F = Levels seen in this place.
 G = Mean time per level.
                   A        B        C        D        E       F      G
               +--------+--------+--------+--------+--------+-----+--------+
         Total |   3748 |   3608 |    140 |    394 |   2633 |   5 |  749.6 |
       Dungeon |   3731 |   3591 |    140 |    394 |   2632 |   4 |  932.8 |
       Ossuary |     16 |     16 |      0 |      0 |      1 |   1 |   16.0 |
               +--------+--------+--------+--------+--------+-----+--------+

Top non-repeatable levels by time:
     D:3: 1510 daAuts
     D:2: 1140 daAuts
     D:1: 1039 daAuts
     D:4: 42 daAuts
 Ossuary: 16 daAuts
